 Dungeon Crawl Stone Soup version 0.26-a0-579-g3afe4966bf (webtiles) character file.

Game seed: 6095562861827534001

340 Isi the Conjurer (level 6, -2/32 HPs)
             Began as a Deep Elf Conjurer on Aug 23, 2020.
             Hit by a boomerang thrown by an orc warrior (12 damage)
             ... on level 3 of the Dungeon.
             The game lasted 00:22:01 (3130 turns).

Isi the Conjurer (Deep Elf Conjurer)                Turns: 3130, Time: 00:22:01

Health: -2/32      AC:  6    Str:  4    XL:     6   Next: 30%
Magic:  10/16      EV: 13    Int: 25    God:
Gold:   94         SH:  0    Dex: 13    Spells: 9/16 levels left

rFire    + . .     SeeInvis .   b - +0 club
rCold    . . .     Faith    .   (no shield)
rNeg     . . .     Spirit   .   l - +2 robe {rF+}
rPois    .         Reflect  .   (no helmet)
rElec    .         Harm     .   (no cloak)
rCorr    .                      j - +1 pair of gloves
MR       .....                  (no boots)
Stlth    ++........             (no amulet)
HPRegen  0.10/turn              g - ring of flight
MPRegen  0.15/turn              (no ring)

@: no status effects
A: MP-powered wands
a: Evoke Flight


You were on level 3 of the Dungeon.
You visited 1 branch of the dungeon, and saw 3 of its levels.

You collected 94 gold pieces.

Inventory:

Hand Weapons
 b - a +0 club (weapon)
Missiles
 a - 8 javelins (quivered)
Armour
 j - a +1 pair of gloves (worn)
 l - a +2 robe of fire resistance (worn)
Jewellery
 g - a ring of flight (left hand)
 m - an uncursed ring of fire
Scrolls
 f - 2 scrolls of remove curse
 i - a scroll of enchant weapon
 k - a scroll of amnesia


   Skills:
 + Level 2.7 Dodging
 + Level 3.5 Stealth
 + Level 5.7 Spellcasting
 + Level 6.8 Conjurations


You had 9 spell levels left.
You knew the following spells:

 Your Spells              Type           Power        Failure   Level
a - Magic Dart            Conj           ####         1%          1
b - Searing Ray           Conj           #####.       1%          2
c - Iskenderun's Mystic   Conj/Tloc      ###.....     19%         4

Your spell library contained the following spells:

 Spells                   Type           Power        Failure   Level
 Dazzling Flash           Conj/Hex       ###...       5%          3
 Fulminant Prism          Conj/Hex       ###.......   19%         4


Dungeon Overview and Level Annotations

Branches:
Dungeon (3/15)

Altars:


Innate Abilities, Weirdness & Mutations

You expend magic power (3 MP) to strengthen your wands.


Message History

Aiming: Searing Ray (safe; 1% risk of failure)
Press: ? - help, Shift-Dir - straight line, f/p - orc wizard
Aim: an orc wizard, wielding a +0 dagger, wearing a +0 robe and wearing an uncursed ring of flight (moderately wounded)
The searing ray hits the orc wizard!
The orc wizard is almost dead. (Press . to maintain the ray.)
The orc warrior throws a boomerang.
The boomerang hits you!
The weapon returns to the orc warrior!
Casting: Searing Ray (safe; 1% risk of failure)
Confirm with . or Enter, or press ? or * to list all spells.
Aiming: Searing Ray (safe; 1% risk of failure)
Press: ? - help, Shift-Dir - straight line, f/p - orc wizard
Aim: an orc wizard, wielding a +0 dagger, wearing a +0 robe and wearing an uncursed ring of flight (almost dead)
The searing ray hits the orc wizard!
You kill the orc wizard!
The searing ray hits the goblin!
You kill the goblin! (Press . to maintain the ray.)
The orc warrior throws a boomerang.
The boomerang hits you!
You die...

##### .##
......######.....
......#..@.))..#
......#.##.....#
.........#......#
###......#..oZ..#
#......#....o..
#......#####..#
#####.## ...
#†###### ..
#####...†..#


You could see an orc warrior, an orc priest and a worker ant zombie.

Vanquished Creatures
  Sigmund (D:2)
  Jessica (D:2)
  An orc wizard (D:3)
  4 adders
  An ooze (D:1)
  5 worms (D:2)
  3 dart slugs
  2 leopard geckos (D:2)
  An orc (D:3)
  8 giant cockroaches
  8 goblins
  9 hobgoblins
  9 jackals
  7 kobolds
  3 quokkas (D:2)
  5 bats
  4 frilled lizards
  5 rats
77 creatures vanquished.

Notes
Turn   | Place    | Note
-------+----------+-------------------------------------------
     0 | D:1      | Isi the Deep Elf Conjurer began the quest for the Orb.
     0 | D:1      | Reached XP level 1. HP: 10/10 MP: 6/6
   116 | D:1      | Reached XP level 2. HP: 15/15 MP: 1/8
   329 | D:1      | Reached skill level 5 in Conjurations
   585 | D:1      | Learned a level 2 spell: Searing Ray
   752 | D:1      | Reached XP level 3. HP: 19/19 MP: 7/9
  1517 | D:2      | Gained mutation: You are weak. (Str -2) [potion of
                  | mutation]
  1517 | D:2      | Lost mutation: You are weak. (Str -2) [potion of mutation]
  1517 | D:2      | Gained mutation: You expend magic power (3 MP) to
                  | strengthen your wands. [potion of mutation]
  1546 | D:2      | Noticed Sigmund
  1945 | D:2      | Killed Sigmund
  1945 | D:2      | Reached skill level 5 in Spellcasting
  1945 | D:2      | Reached skill level 6 in Conjurations
  1945 | D:2      | Reached XP level 4. HP: 24/24 MP: 8/13
  1945 | D:2      | Reached XP level 5. HP: 28/28 MP: 8/14
  2003 | D:2      | Learned a level 4 spell: Iskenderun's Mystic Blast
  2542 | D:2      | Noticed Jessica
  2545 | D:2      | Killed Jessica
  2545 | D:2      | Reached XP level 6. HP: 32/32 MP: 12/16
  2923 | D:3      | Noticed an orc warrior
  3130 | D:3      | Hit by a boomerang thrown by an orc warrior

Illustrated notes

Levels and vault maps discovered:
D:1:      dpeg_arrival_stonehenge_8_columns, layout_basic
D:2:      minmay_razor_zed, layout_loops_cross, minmay_strange_pillars,
          uniq_sigmund, uniq_jessica
D:3:      layout_basic

Skill      XL: |  1  2  3 |
---------------+----------+-----
Conjurations   | 5 6 |  6.8
Stealth        | 3 |  3.5
Spellcasting   | 5 |  5.7
Dodging        | |  2.7

Action                   |  1- 3 |  4- 6 || total
-------------------------+-------+-------++-------
Melee: Club              |     1 |       ||     1
 Cast: Magic Dart        |    72 |    64 ||   136
       Searing Ray       |     7 |    10 ||    17
  Use: Scroll            |    11 |     3 ||    14
       Potion            |     5 |       ||     5
 Stab: Sleeping          |     1 |       ||     1
Armor: Robe              |     2 |     1 ||     3
Dodge: Dodged            |     8 |    15 ||    23

Table legend: (Time is in decaauts)
 A = Elapsed time spent in this place.
 B = Non-inter-level travel time spent in this place.
 C = Inter-level travel time spent in this place.
 D = Time resting spent in this place.
 E = Time spent auto-exploring this place.
 F = Levels seen in this place.
 G = Mean time per level.
                   A        B        C        D        E       F      G
               +--------+--------+--------+--------+--------+-----+--------+
         Total |   3123 |   2970 |    153 |   1204 |   1276 |   3 | 1041.0 |
       Dungeon |   3123 |   2970 |    153 |   1204 |   1276 |   3 | 1041.0 |
               +--------+--------+--------+--------+--------+-----+--------+

Top non-repeatable levels by time:
     D:2: 1680 daAuts
     D:1: 1175 daAuts
     D:3: 267 daAuts
